 Dungeon Crawl Stone Soup version 0.22-a0-274-gf8199ec82f (webtiles) character file.

69 Qrupt the Ducker (level 4, 0/22 HPs)
             Began as a Felid Berserker on Mar 14, 2018.
             Was a Believer of Trog.
             Succumbed to an adder's poison
             ... on level 3 of the Dungeon.
             The game lasted 00:05:18 (3036 turns).

Qrupt the Ducker (Felid Berserker)                  Turns: 3036, Time: 00:05:19

Health: 0/22       AC:  1    Str: 13    XL:     4   Next: 2%
Magic:  5/5        EV: 21    Int:  8    God:    Trog [**....]
Gold:   97         SH:  0    Dex: 16    Spells: 3/3 levels left
                                        Lives:  0   Deaths: 1

rFire    + . .     SeeInvis +     - Unarmed
rCold    x . .     Gourm    .   (shield unavailable)
rNeg     . . .     Faith    .   (armour unavailable)
rPois    .         Spirit   .   (helmet unavailable)
rElec    .         Reflect  .   (cloak unavailable)
rCorr    .         Harm     .   (gloves unavailable)
MR       .....                  (boots unavailable)
Stlth    +.........             (no amulet)
HPRegen  0.07/turn              f - ring of fire
MPRegen  0.09/turn              (no ring)

@: lethally poisoned (0 -> -10), flying, quick
A: very small, no armour, no weapons or thrown items, stealth, claws 1, fangs 3,
see invisible, carnivore, speed 1, shaggy fur 1, slow metabolism 1, sharp paws
a: Berserk, Trog's Hand, Renounce Religion


You were on level 3 of the Dungeon.
You worshipped Trog.
Trog was pleased with you.
You were not hungry.

You visited 1 branch of the dungeon, and saw 3 of its levels.

You collected 97 gold pieces.

Inventory:

Jewellery
 f - a ring of fire (left paw)
Scrolls
 b - 2 scrolls of enchant weapon {unknown}
 d - a scroll of teleportation {unknown}
 e - a scroll of identify {unknown}
 i - 2 scrolls of magic mapping {unknown}
 j - a scroll of fog {unknown}
Potions
 c - a potion of agility {unknown}
 h - a potion of curing {unknown}
 k - a potion of degeneration {unknown}
 l - a potion of cancellation {unknown}
Comestibles
 a - 4 rations


   Skills:
 + Level 4.1 Fighting
 + Level 5.4 Dodging
 + Level 4.0 Unarmed Combat


You had 3 spell levels left.
You didn't know any spells.

Dungeon Overview and Level Annotations

Branches:
Dungeon (3/15)

Altars:
Ru

Annotations:
D:3 Qrupt's ghost, amateur FeBe


Innate Abilities, Weirdness & Mutations

You cannot wear armour.
You are incapable of wielding weapons or throwing items.
Your paws allow you to move quietly. (Stealth)
You have sharp claws.
You have razor-sharp teeth.
You have supernaturally acute eyesight. (SInv)
You are carnivorous and can eat meat at any time.
You cover ground quickly.
You are covered in fur. (AC +1)
You have a slow metabolism.
Your sharp claws are effective at attacking unaware monsters.


Message History

Welcome back to level 4!
The adder completely misses you.
You barely miss the adder. The adder bites you.
* * * LOW HITPOINT WARNING * * *
You are lethally poisoned!
The adder poisons you!
You barely miss the adder. You bite the adder.
The adder is lightly wounded.
* * * LOW HITPOINT WARNING * * *
You feel sick. The adder closely misses you.
You miss the adder.
The adder is lightly wounded.
The adder bites you.
* * * LOW HITPOINT WARNING * * *
You are more poisoned.
The adder poisons you!
It was a potion of flight.
You feel very buoyant.
You fly up into the air.
You die...

......## #............#
.......# #.#...)......#
######.#######.#..<.......#
#####.#.......#...<......#
#.......#######..........#
#####.### #.........## #..#
#.#......## ##.# #.########
#######.###### #@#
.......).....###S######
#######.####..##oo....#
#.####..%.o..!....
#..##$............
##>.#w###.........
#...S.###.........
#.##....#........$
#.####............


You could see an adder and 3 orcs.

Vanquished Creatures
  Natasha (D:3)
  4 adders (D:2)
  4 worms
  3 leopard geckos
  6 orcs
  5 bats
  A giant cockroach (D:1)
  11 goblins
  7 hobgoblins
  5 kobolds
  A quokka (D:2)
  A ball python (D:2)
  A frilled lizard (D:1)
  3 rats
53 creatures vanquished.

Notes
Turn   | Place    | Note
-------+----------+-------------------------------------------
     0 | D:1      | Qrupt the Felid Berserker began the quest for the Orb.
     0 | D:1      | Reached XP level 1. HP: 10/10 MP: 2/2
   204 | D:1      | Reached XP level 2. HP: 14/14 MP: 3/3
   521 | D:2      | Reached XP level 3. HP: 17/17 MP: 4/4
   563 | D:2      | Reached ** piety under Trog
  1696 | D:2      | Reached skill level 5 in Dodging
  1696 | D:2      | Reached XP level 4. HP: 16/22 MP: 5/5
  2269 | D:3      | Noticed Natasha
  2867 | D:3      | Killed Natasha
  2937 | D:3      | Found a sacrificial altar of Ru.
  2940 | D:3      | Noticed Qrupt's ghost (amateur FeBe)
  2967 | D:3      | Slain by Qrupt's ghost
  2968 | D:3      | Reached XP level 3. HP: -2/18 MP: 4/4
  3032 | D:3      | Reached XP level 4. HP: 9/22 MP: 5/5
  3035 | D:3      | HP: 1/22 [adder (4)]
  3036 | D:3      | Succumbed to an adder's poison

Vault maps used:
D:1:      mrwooster_arrival_arrow
D:2:      guppyfry_early_orc_mine
D:3:      nicolae_overflow_hidden_temple, nicolae_ru_sacrificial_ziggurat,
          uniq_natasha

Skill      XL: |  1  2  3  4 |
---------------+-------------+-----
Dodging        | 5 |  5.4
Fighting       | 4 |  4.1
Unarmed Combat | 4 |  4.0

Action                   |  1- 3 |  4- 6 || total
-------------------------+-------+-------++-------
Melee: Unarmed           |   107 |    69 ||   176
       Bite              |    10 |     8 ||    18
       Punch             |     2 |       ||     2
  Use: Potion            |       |     1 ||     1
 Stab: Sleeping          |     4 |     1 ||     5
  Eat: Chunk             |       |     2 ||     2
Armor: Skin              |       |     2 ||     2
Dodge: Dodged            |    77 |    40 ||   117

Table legend:
 A = Spawn XP
 B = Non-spawn XP
 C = Spawn XP percentage of total XP
 D = Spawn monster count
 E = Non-spawn monster count
 F = Spawn count percentage of total count
 G = Total turns spent on level
                    A         B        C        D         E        F      G
               +---------+---------+-------+---------+---------+-------+---------
         Total |       0 |     193 |   0.0 |       0 |      53 |   0.0 |  3036
               +---------+---------+-------+---------+---------+-------+---------
           D:1 |       0 |      22 |   0.0 |       0 |      13 |   0.0 |   759
           D:2 |       0 |     110 |   0.0 |       0 |      28 |   0.0 |  2086
           D:3 |       0 |      61 |   0.0 |       0 |      12 |   0.0 |   191
               +---------+---------+-------+---------+---------+-------+---------
